AoeStats
← SirH

Baltic

512820087Analyzed
3v3 RM · 9d ago on Oct 11, 2026· 51m 2s· 6 players
Game mode
Random Map
Map size
Normal (6 player)
Population
200
Speed
Normal
Resources
Standard
Victory
Conquest
Starting age
Dark Age
Ending age
Imperial Age
RankedLock teamsTeams togetherTeam positionsShared explorationLock speedFull tech treeHidden civsTurbo modeCheats
Victory
Defeat
🇺🇸 Wei · United States
1227
+17
🇺🇸 Varangians · United States
1199
+18
🇺🇸 Berbers · United States
1167
+19
vs
🇺🇸 Ethiopians · United States
1254
-18
🇺🇸 Varangians · United States
1240
-18
🇺🇸 Danes · United States
1238
-18
BRO | Wuhtt_
0:28 Loom
7:51 Loom
9:46 Feudal Age
11:59 Double-Bit Axe
15:33 Castle Age
16:28 Bow Saw
16:10 Gold Mining
18:31 Horse Collar
20:08 Scale Barding Armor
20:16 Forging
20:13 Husbandry
20:24 Bloodlines
23:40 Wheelbarrow
24:37 Chain Barding Armor
24:50 Heavy Plow
26:52 Hand Cart
27:30 Iron Casting
33:25 Imperial Age
35:26 Heavy Hei Guang Cavalry
40:03 Town Watch
41:03 Ming Guang Armor
40:59 Conscription
42:44 Town Patrol
47:43 Chemistry
47:04 Ballistics
BRO | Bald Eagle
7:00 Loom
9:23 Feudal Age
10:08 Double-Bit Axe
19:34 Castle Age
20:16 Fletching
20:43 Crossbowman
23:00 Bodkin Arrow
24:08 Padded Archer Armor
26:40 Bow Saw
32:42 Wheelbarrow
34:27 Hand Cart
48:33 Thumb Ring
49:00 Leather Archer Armor
BRO | Trothos
12:36 Feudal Age
16:18 Castle Age
14:49 Forging
17:00 Wheelbarrow
17:00 Double-Bit Axe
16:59 Horse Collar
18:14 Fletching
21:11 Loom
23:54 Bow Saw
28:00 Heavy Plow
28:10 Stone Mining
28:45 Scale Mail Armor
28:44 Gold Mining
29:48 Hand Cart
31:25 Scale Barding Armor
31:56 Iron Casting
32:44 Stone Shaft Mining
36:04 Imperial Age
34:09 Chain Barding Armor
34:32 Town Watch
36:26 Elite Jarl
38:04 Plate Barding Armor
39:03 Blast Furnace
38:45 Conscription
42:24 Pikeman
43:06 Squires
44:18 Vendel Legacy
45:02 Halberdier
46:16 Scale Mail Armor
46:07 Arson
49:04 Husbandry
49:15 Bloodlines
48:47 Capped Ram
51:01 Siege Ram
SirH
4:22 Loom
11:47 Feudal Age
11:51 Man-at-Arms
13:15 Double-Bit Axe
13:25 Arson
21:54 Scale Mail Armor
25:12 Castle Age
26:18 Bow Saw
26:01 Horse Collar
26:39 Chain Mail Armor
29:39 Wheelbarrow
28:51 Town Watch
30:01 Squires
29:47 Gambesons
42:49 Heavy Plow
42:44 Fletching
43:05 Forging
46:46 Imperial Age
46:59 Imperial Age
44:46 Hand Cart
44:56 Hand Cart
45:05 Ballistics
44:41 Murder Holes
44:58 Masonry
50:01 Imperial Age
48:51 Thumb Ring
50:05 Cranequins
Cheario
7:08 Loom
11:43 Feudal Age
12:47 Double-Bit Axe
13:40 Wheelbarrow
19:00 Castle Age
16:56 Gold Mining
17:28 Stone Mining
17:47 Fishing Lines
20:21 Bow Saw
21:30 Hand Cart
21:47 Medium Warships
22:25 Forging
23:14 Town Watch
25:11 Gold Shaft Mining
25:19 Stone Shaft Mining
26:17 Fletching
26:54 Ballistics
27:14 Gillnets
28:35 Bodkin Arrow
31:58 Imperial Age
29:44 Padded Archer Armor
31:21 Leather Archer Armor
30:29 Crossbowman
31:56 Thumb Ring
32:34 Scale Mail Armor
33:09 Iron Casting
33:25 Bracer
36:32 Ring Archer Armor
38:44 Town Watch
40:04 Two-Man Saw
39:16 Elite Skirmisher
39:22 Arbalester
41:13 Squires
41:11 Man-at-Arms
41:37 Arson
42:19 Halberdier
44:31 Iron Casting
44:12 Chain Mail Armor
44:50 Horse Collar
45:53 Heavy Plow
47:04 Blast Furnace
47:26 Plate Mail Armor
48:19 Chemistry
49:27 Town Patrol
Mordon327
5:10 Loom
12:02 Feudal Age
12:49 Double-Bit Axe
14:47 Wheelbarrow
18:38 Castle Age
18:00 Forging
18:07 Scale Mail Armor
20:21 Medium Warships
22:58 Bow Saw
29:36 Hand Cart
30:39 Iron Casting
30:37 Scale Barding Armor
31:54 Bloodlines
31:45 Husbandry
33:25 Gold Mining
33:26 Stone Mining
37:17 Imperial Age
34:33 Town Watch
36:41 Stone Shaft Mining
35:51 Vendel Legacy
36:57 Chain Barding Armor
36:27 Horse Collar
36:35 Light Cavalry
37:36 Cavalier
38:50 Conscription
40:39 Hussar
44:03 Heavy Plow
46:08 Blast Furnace
48:18 Plate Barding Armor
Connection lost

Rejoining the realm…

Still unreachable

The connection could not be restored.

Session expired

The server has moved on; the page needs a fresh start.